Get step-by-step instructions on how to execute this build order below. Start the game timer, and the build order will tick by so you can play in parallel with StarCraft on a second screen or mobile device.

Game Time

  0:00

Last Step

  N/A

Next Step

Upcoming Step



Don't want to look back and forth between 2 screens? Try out our Overwolf App, the Spawning Tool Build Advisor to get an in-game overlay with this build!

Complete Build Order

  12  0:00  SCV  
  13  0:12  SCV  
  14  0:17  Supply Depot  
  14  0:24  SCV  
  15  0:39  SCV  
  15  0:41  Barracks  
  16  0:45  Refinery  
  16  0:51  SCV  
  16  0:56  Refinery  
  17  1:03  SCV  
  18  1:15  SCV  
  19  1:22  Supply Depot  
  19  1:28  Reaper  
  19  1:29  Orbital Command  
  20  1:47  Factory  
  20  1:55  SCV  
  20  2:00  Barracks Reactor  
  21  2:08  SCV  
  22  2:19  Command Center  
  22  2:22  SCV  
  23  2:35  SCV  
  24  2:40  Supply Depot  
  24  2:43  Hellion  
  24  2:44  Hellion  
  28  2:49  SCV  
  29  2:54  Starport  
  28  3:01  SCV  
  29  3:06  Hellion  
  29  3:08  Hellion  
  29  3:11  Barracks Tech Lab  
  33  3:17  SCV  
  34  3:29  SCV  
  35  3:38  Cloaking Field  
  35  3:39  Banshee, Factory Tech Lab, Marine  
  39  3:46  Marine  
  39  3:47  SCV  
  41  3:57  Marine  
  41  3:59  SCV  
  40  4:04  Siege Tank, Marine  
  39  4:10  Orbital Command  
  39  4:13  SCV  
  39  4:15  Marine  
  40  4:21  Banshee  
  40  4:22  Marine  
  44  4:25  SCV  
  44  4:29  Barracks  
  45  4:33  Marine  
  45  4:36  SCV  
  45  4:37  SCV  
  48  4:40  Siege Tank  
  51  4:48  SCV  
  51  4:49  SCV, Supply Depot  
  51  4:50  Marine  
  54  4:57  Supply Depot  
  54  5:09  Engineering Bay  
  54  5:10  Marine x2  
  54  5:11  SCV  
  57  5:15  Barracks, SCV  
  57  5:18  Refinery  
  58  5:21  Siege Tank  
  58  5:23  SCV  
  58  5:27  SCV  
  58  5:28  Marine x2  
  63  5:31  Stimpack  
  65  5:35  SCV  
  65  5:36  Terran Infantry Weapons Level 1  
  65  5:39  SCV  
  65  5:41  Supply Depot  
  67  5:47  Supply Depot  
  67  5:48  SCV  
  67  5:49  Marine  
  69  5:51  Marine  
  69  5:52  SCV  
  71  6:00  SCV  
  71  6:03  Factory Reactor  
  72  6:08  Combat Shield, Marine  
  72  6:09  Marine x2  
  73  6:14  Marine  
  73  6:15  Starport Reactor  
  73  6:18  SCV  
  71  6:25  SCV  
  72  6:26  Marine  
  72  6:28  Command Center  
  72  6:29  Marine x2  
  75  6:33  Marine  
  76  6:41  Widow Mine x2  
  76  6:46  Marauder  
  82  6:49  Marine x2  
  82  6:51  SCV, Marauder  
  82  6:53  Medivac x2  
  91  6:56  Supply Depot  
  91  6:58  Supply Depot  
  91  7:04  Widow Mine, Supply Depot  
  93  7:12  SCV  
  94  7:18  Supply Depot, Concussive Shells, Widow Mine, Marauder x2  
  100  7:27  Marine x2  
  102  7:34  Barracks  
  102  7:35  Barracks, Terran Infantry Armor Level 1  
  102  7:41  Orbital Command  
  102  7:44  Medivac  
  102  7:47  Marauder  
  102  7:50  Medivac  
  108  7:55  Marauder  
  110  8:06  Orbital Command  
  110  8:08  SCV, Marauder  
  113  8:12  Marine  
  113  8:13  Marine  
  113  8:16  Marauder  
  117  8:20  SCV  
  117  8:22  Refinery  
  117  8:24  Ghost Academy  
  119  8:27  SCV  
  119  8:29  Marauder  
  119  8:31  Barracks Reactor, Barracks Tech Lab  
  119  8:34  Armory, SCV  
  122  8:36  Supply Depot  
  122  8:37  Marauder  
  122  8:40  SCV  
  125  8:45  Marine x2  
  125  8:47  SCV  
  128  8:50  SCV  
  128  8:51  Marauder  
  128  8:52  SCV  
  132  8:56  Marauder  
  132  9:00  Supply Depot x2  
  132  9:01  Marauder  
  136  9:02  Viking  
  136  9:09  SCV  
  139  9:12  Marauder  
  139  9:13  Engineering Bay, Armory, Refinery  
  139  9:14  Refinery  
  139  9:15  Marine x2  
  147  9:30  SCV